 Dungeon Crawl Stone Soup version 0.29.1-15-g9cfb28693d (webtiles) character file.

Game seed: 5993896002569146929

77 Berahthraban the Conjurer (level 4, 0/30 HPs)
             Began as a Demonspawn Conjurer on Apr 10, 2023.
             Slain by an orc wizard
             ... wielding a +0 dagger of speed
              (4 damage)
             ... on level 2 of the Dungeon.
             The game lasted 00:08:33 (1219 turns).

Berahthraban the Conjurer (Demonspawn Conjurer)     Turns: 1219, Time: 00:08:34

Health: 0/30       AC:  4    Str:  7    XL:     4   Next: 14%
Magic:  1/8        EV: 13    Int: 21    God:
Gold:   40         SH:  0    Dex: 12    Spells: 6/9 levels left

rFire   . . .      SeeInvis .   f - +2 whip (venom)
rCold   . . .      Faith    .   (no shield)
rNeg    . . .      Spirit   .   g - +0 leather armour
rPois   .          Reflect  .   a - +0 helmet
rElec   .          Harm     .   (no cloak)
rCorr   .          Rampage  .   (no gloves)
Will    .....                   (no boots)
Stlth   +.........              (no amulet)
HPRegen 0.10/turn               (no ring)
MPRegen 0.11/turn               (no ring)

@: on berserk cooldown, attractive, very slow
A: claws 1, repulsion field 1
a: no special abilities


You were on level 2 of the Dungeon.
You visited 1 branch of the dungeon, and saw 2 of its levels.

You collected 40 gold pieces.

Inventory:

Hand Weapons
 f - a +2 whip of venom (weapon)
Armour
 a - a +0 helmet (worn)
 g - a +0 leather armour (worn)
Scrolls
 c - a scroll of teleportation {unknown}
Potions
 b - a potion of magic
 k - a potion of curing {unknown}


   Skills:
 + Level 1.5 Maces & Flails
 - Level 1.7 Dodging
 - Level 1.7 Stealth
 + Level 3.0 Spellcasting
 + Level 4.6 Conjurations


You had 6 spell levels left.
You knew the following spells:

 Your Spells              Type           Power      Damage    Failure   Level
u - Searing Ray           Conj           44%        2d6       4%          2
z - Magic Dart            Conj           88%        1d7       3%          1

Your spell library contained the following spells:

 Spells                   Type           Power      Damage    Failure   Level
 Dazzling Flash           Conj/Hex       24%        N/A       22%         3
 Gell's Gravitas          Tloc           3%         N/A       52%         3
 Lesser Beckoning         Tloc           3%         N/A       52%         3
 Teleport Other           Tloc           3%         N/A       52%         3
 Fulminant Prism          Conj/Hex       6%         3d7       58%         4
 Iskenderun's Mystic Bla  Conj/Tloc      12%        2d5       58%         4


Dungeon Overview and Level Annotations

Branches:
Dungeon (2/15)

Altars:

Annotations:
D:1 cleared


Innate Abilities, Weirdness & Mutations

You have sharp fingernails.
You are surrounded by a mild repulsion field. (EV +2)


Message History

Aim: a bat (100% to hit)
The magic dart hits something.
Something barely misses you. Something hits you. x2
Casting: Magic Dart (safe; 3% risk of failure)
Confirm with . or Enter, or press ? or * to list all spells.
Aiming: Magic Dart (safe; 3% risk of failure)
Press: ? - help, Shift-Dir - straight line, f/p - bat
Aim: a bat (100% to hit)
The magic dart hits something.
Something hits you but does no damage.
You hear some strange, mumbled words.
A magic dart appears from out of thin air!
The magic dart hits you.
Your unstable footing causes you to fumble your attack.
Something hits you.
You hear some strange, mumbled words.
A magic dart appears from out of thin air!
The magic dart hits you.
* * * LOW HITPOINT WARNING * * *
It was a potion of lignification.
You turn into a tree.
Your +0 helmet melds into your body.
Your +0 leather armour melds into your body.
Your roots penetrate the ground.
You hear some strange, mumbled words.
Something tries to affect you, but you resist.
It was a potion of attraction.
You feel attractive to monsters.
You hear some strange, mumbled words.
A magic dart appears from out of thin air!
The magic dart hits you.
* * * LOW HITPOINT WARNING * * *
Something hits you but does no damage.
Unknown command.
It was a potion of cancellation.
Your magical effects are unravelling.
You feel magically purged.
You feel less wooden.
Your +0 helmet unmelds from your body.
Your +0 leather armour unmelds from your body.
You feel yourself speed up.
Your resistance to elements expires.
Something hits you.
You die...

#.....<..## ##.##.##
.........~###......#
.....†...~##.......#
........~~~# ..)...#
#.......#~~## .)...
##.....###~~# ...
###...## #~~# #b#
..##'## ##~# #{#
#.##.# #~## #@#
#.##.### #~~# #~#
#......# #~~# #~##
#.#....####~~# #~~#
#......#~#~~## #~~#
..#...##~#~~####~~#
####.###~~~###~##~#
#.# #~~~# #~##~# #.#
##~~# #~##~#


You could see a bat.

Vanquished Creatures
  An orc priest (D:2)
  An adder (D:2)
  3 orcs (D:2)
  6 ball pythons
  2 endoplasms (D:1)
  2 giant cockroaches (D:1)
  4 goblins (D:1)
  A hobgoblin (D:1)
  4 jackals (D:1)
  3 kobolds (D:1)
  A quokka (D:1)
  2 bats
  A frilled lizard (D:1)
  3 rats (D:1)
34 creatures vanquished.

Notes
Turn   | Place    | Note
-------+----------+-------------------------------------------
     0 | D:1      | Berahthraban the Demonspawn Conjurer began the quest for
                  | the Orb.
     0 | D:1      | Reached XP level 1. HP: 13/13 MP: 3/3
    47 | D:1      | You fall into a shaft and drop 1 floor!
   193 | D:1      | Gained mutation: You have sharp fingernails. [demonic
                  | ancestry]
   193 | D:1      | Reached XP level 2. HP: 19/19 MP: 0/5
   271 | D:1      | Learned a level 2 spell: Searing Ray
   866 | D:1      | Gained mutation: You are surrounded by a mild repulsion
                  | field. (EV +2) [demonic ancestry]
   866 | D:1      | Reached XP level 3. HP: 24/24 MP: 0/6
  1088 | D:2      | Reached skill level 1 in Maces & Flails
  1198 | D:2      | Reached XP level 4. HP: 28/30 MP: 3/8
  1219 | D:2      | Slain by an orc wizard

Illustrated notes

Levels and vault maps discovered:
D:1:      dpeg_arrival_another_circle, layout_basic
D:2:      layout_loops_corners, shapermc_ecumenical_altar_petra,
          chequers_serial_rivers_large_b

Skill      XL: |  1  2  3  4 |
---------------+-------------+-----
Maces & Flails | 1 |  1.5
Spellcasting   | 3 |  3.0
Dodging        | |  1.7
Stealth        | |  1.7
Conjurations   | |  4.6

Action                   |  1- 3 |  4- 6 || total
-------------------------+-------+-------++-------
Melee: Short sword       |    10 |       ||    10
       Whip              |    24 |     6 ||    30
 Cast: Magic Dart        |    36 |     4 ||    40
       Searing Ray       |     2 |       ||     2
  Use: Potion            |       |     5 ||     5
Armor: Robe              |     5 |       ||     5
       Leather armour    |    10 |     8 ||    18
       Skin              |       |     1 ||     1
Dodge: Dodged            |    23 |     5 ||    28
